 Dungeon Crawl Stone Soup version 0.26-a0-58-g79b31b8662 (webtiles) character file.

Game seed: 11043515047289640673

34 BritishOli the Skirmisher (level 3, 0/29 HPs)
             Began as a Demonspawn Monk on June 8, 2020.
             Slain by a jackal (1 damage)
             ... on level 2 of the Dungeon.
             The game lasted 00:01:15 (1162 turns).

BritishOli the Skirmisher (Demonspawn Monk)         Turns: 1162, Time: 00:01:16

Health: 0/29       AC:  2    Str: 12    XL:     3   Next: 14%
Magic:  3/3        EV: 13    Int: 11    God:
Gold:   19         SH:  0    Dex: 15    Spells: 2/2 levels left

rFire    . . .     SeeInvis .   a - +0 falchion
rCold    . . .     Gourm    .   (no shield)
rNeg     . . .     Faith    .   b - +0 robe
rPois    .         Spirit   .   (helmet restricted)
rElec    .         Reflect  .   (no cloak)
rCorr    .         Harm     .   (no gloves)
MR       .....                  (no boots)
Stlth    ++........             (no amulet)
HPRegen  0.09/turn              (no ring)
MPRegen  0.08/turn              (no ring)

@: no status effects
A: antennae 1
a: no special abilities


You were on level 2 of the Dungeon.
You were not hungry.

You visited 1 branch of the dungeon, and saw 2 of its levels.

You collected 19 gold pieces.

Inventory:

Hand Weapons
 a - a +0 falchion (weapon)
Armour
 b - a +0 robe (worn)
Scrolls
 d - a scroll of immolation {unknown}
 f - a scroll of remove curse {unknown}
 g - a scroll of random uselessness {unknown}
 l - a scroll of identify {unknown}
Potions
 e - a potion of lignification {unknown}
 i - a potion of curing {unknown}
 j - 2 potions of brilliance {unknown}
 k - a potion of cancellation {unknown}
Comestibles
 c - a ration


   Skills:
 + Level 3.2 Fighting
 * Level 3.2 Long Blades
 + Level 1.0 Armour
 + Level 3.0 Dodging
 - Level 1.7 Stealth


You had 2 spell levels left.
You didn't know any spells.
Your spell library was empty.

Dungeon Overview and Level Annotations

Branches:
Dungeon (2/15)

Altars:


Innate Abilities, Weirdness & Mutations

You have a pair of small antennae on your head.


Message History

The jackal bites you.
* * * LOW HITPOINT WARNING * * *
The frilled lizard barely misses you.
You riposte.
You barely miss the frilled lizard. You barely miss the frilled lizard.
The jackal closely misses you.
You riposte.
You barely miss the jackal.
The frilled lizard bites you but does no damage.
The jackal bites you.
* * * LOW HITPOINT WARNING * * *
You barely miss the frilled lizard. The jackal closely misses you.
The frilled lizard bites you.
* * * LOW HITPOINT WARNING * * *
You barely miss the frilled lizard. The jackal bites you.
* * * LOW HITPOINT WARNING * * *
The frilled lizard barely misses you.
You riposte.
You miss the frilled lizard. The jackal bites you.
* * * LOW HITPOINT WARNING * * *
The frilled lizard bites you but does no damage.
You miss the frilled lizard. The jackal bites you.
You die...

#.##### #..Jh†# ..
#@# #####.#l###
......†...########
###...#)#.......<#
#...#.##########
.... ... #.#...#.#
. #...#.# #.. #.#


You could see an ooze, a jackal and a frilled lizard.

Vanquished Creatures
  An ooze (D:1)
  A dart slug (D:1)
  2 bats (D:1)
  2 hobgoblins (D:2)
  8 jackals
  A ball python (D:1)
  7 frilled lizards
  3 kobolds (D:1)
  4 rats (D:1)
29 creatures vanquished.

Notes
Turn   | Place    | Note
-------+----------+-------------------------------------------
     0 | D:1      | BritishOli the Demonspawn Monk began the quest for the Orb.
     0 | D:1      | Reached XP level 1. HP: 18/18 MP: 1/1
   211 | D:1      | Gained mutation: You have a pair of small antennae on your
                  | head. [demonic ancestry]
   211 | D:1      | Reached XP level 2. HP: 18/24 MP: 2/2
  1143 | D:2      | Reached XP level 3. HP: 27/29 MP: 3/3
  1157 | D:2      | Reached skill level 1 in Armour
  1161 | D:2      | HP: 1/29 [jackal (2)]
  1162 | D:2      | Slain by a jackal

Illustrated notes

Levels and vault maps discovered:
D:1:      saegor_arrival_simple_b, layout_basic
D:2:      minmay_skewed_foursquare, layout_basic, xom_redecorated,
          grunt_gozag_statues, grunt_ministairs_5

Skill      XL: |  1  2  3 |
---------------+----------+-----
Long Blades    | 3 |  3.2
Dodging        | 3 |  3.0
Armour         | 1 |  1.0
Fighting       | |  3.2
Stealth        | |  1.7

Action                   || total
-------------------------++-------
Melee: Falchion          ||    97
  Eat: Chunk             ||     1
Armor: Robe              ||    28
Dodge: Dodged            ||    88
       Rpst.: Falchion   ||    34

Table legend:
 A = Non-vault XP
 B = Vault XP
 C = Vault XP percentage of total XP
 D = Non-vault monster count
 E = Vault monster count
 F = Vault count percentage of total count
                 A         B        C        D         E       F
            +---------+---------+-------+---------+---------+-------
      Total |      49 |       0 |   0.0 |      29 |       0 |   0.0
            +---------+---------+-------+---------+---------+-------
        D:1 |      37 |       0 |   0.0 |      22 |       0 |   0.0
        D:2 |      12 |       0 |   0.0 |       7 |       0 |   0.0
            +---------+---------+-------+---------+---------+-------
